Map: Ever Dream LE

Players

Reynor - Winner!

  • Race: Zerg Zerg
  • League: Master
  • Spawn Location: 1:00

GOStephano (Stephano)

  • Race: Zerg Zerg
  • League: Grandmaster
  • Spawn Location: 7:00

Event: DreamHack SC2 Masters 2020 Fall

VOD

Have the link to the VOD?

Description

Time

  • Played on: Sept. 4, 2020, 1:13 p.m.
  • Length: 7:17

All games in this series

Show
View Real Time Build Order
Export as new Build Order

Reynor Zerg - Winner!

Build Orders: Pool First 

Get SALT Encoding   

  12  0:00  Drone  
  13  0:12  Overlord  
  13  0:16  Drone  
  14  0:30  Drone x2  
  16  0:40  Spawning Pool  
  15  0:44  Drone  
  15  0:47  Drone  
  17  1:07  Hatchery  
  17  1:11  Drone  
  17  1:25  Extractor  
  16  1:27  Zergling x6  
  16  1:31  Queen  
  21  1:38  Overlord  
  21  1:49  Drone  
  22  2:00  Drone  
  23  2:07  Queen  
  25  2:12  Drone  
  26  2:19  Drone  
  26  2:21  Queen  
  26  2:22  Drone  
  30  2:31  Drone  
  30  2:32  Drone  
  32  2:40  Drone x3  
  32  2:42  Metabolic Boost  
  34  2:49  Drone x2  
  36  2:53  Overlord  
  36  3:10  Hatchery  
  36  3:11  Zergling x4  
  37  3:14  Baneling Nest  
  37  3:17  Drone  
  37  3:19  Drone  
  38  3:22  Drone  
  38  3:23  Drone  
  41  3:27  Zergling x2  
  41  3:28  Zergling x2  
  41  3:30  Drone  
  41  3:32  Drone  
  44  3:35  Overlord  
  44  3:44  Overlord  
  44  3:52  Overlord  
  44  3:54  Zergling x12  
  50  3:59  Zergling x2  
  49  4:04  Zergling x2  
  49  4:05  Zergling x2  
  51  4:14  Extractor  
  51  4:15  Extractor, Baneling x2, Roach Warren  
  51  4:16  Zergling x4  
  50  4:19  Zergling x6  
  50  4:23  Zergling x2  
  52  4:29  Zergling x2  
  52  4:31  Drone  
  54  4:32  Hatchery  
  54  4:37  Drone  
  53  4:40  Baneling  
  53  4:42  Drone  
  52  4:49  Zergling x2  
  49  4:53  Drone  
  52  5:00  Roach x7  
  64  5:08  Overlord  
  64  5:12  Roach  
  65  5:19  Drone  
  65  5:21  Drone  
  66  5:22  Evolution Chamber  
  66  5:26  Drone x3  
  68  5:29  Drone x2  
  68  5:32  Overlord  
  68  5:35  Drone x2  
  66  5:44  Drone x3  
  66  5:45  Lair  
  66  5:54  Drone  
  66  5:55  Drone  
  66  5:56  Drone  
  68  5:57  Drone  
  68  5:58  Roach x2  
  68  6:03  Queen  
  74  6:05  Roach  
  74  6:07  Roach x2  
  80  6:14  Roach  
  80  6:16  Roach x3  
  80  6:17  Drone  
  80  6:18  Drone  
  90  6:27  Overlord  
  90  6:28  Overlord  
  90  6:33  Overlord  
  90  6:39  Extractor  
  89  6:41  Overlord  
  89  6:42  Drone  
  90  6:49  Roach x6  
  90  6:51  Drone x2  
  104  6:55  Overseer  
  104  6:57  Roach  
Show
View Real Time Build Order
Export as new Build Order

GOStephano Zerg 

Build Orders: Hatch First 

Get SALT Encoding   

  12  0:00  Drone  
  13  0:12  Overlord  
  13  0:17  Drone  
  14  0:30  Drone x2  
  16  0:47  Hatchery  
  15  0:50  Drone  
  15  0:54  Drone  
  17  0:57  Drone  
  18  1:07  Extractor  
  17  1:12  Spawning Pool  
  17  1:15  Drone  
  17  1:19  Drone  
  18  1:27  Drone  
  19  1:38  Drone  
  20  1:49  Drone  
  21  1:59  Queen x2  
  21  2:00  Drone x2  
  27  2:10  Overlord  
  27  2:11  Drone  
  27  2:14  Metabolic Boost  
  28  2:29  Zergling x2  
  30  2:30  Zergling x2  
  29  2:37  Overlord  
  28  2:46  Overlord  
  28  2:50  Drone x2  
  29  2:57  Drone x2  
  31  3:02  Hatchery  
  30  3:12  Zergling x4  
  32  3:16  Drone  
  32  3:17  Zergling x6  
  36  3:24  Zergling x6  
  39  3:31  Zergling x4  
  41  3:38  Drone  
  42  3:47  Drone x5  
  47  3:49  Evolution Chamber  
  47  3:53  Drone x3  
  49  4:02  Drone  
  49  4:06  Drone  
  49  4:07  Lair  
  50  4:10  Drone  
  50  4:16  Drone  
  50  4:17  Drone x4  
  53  4:20  Extractor  
  53  4:21  Extractor  
  51  4:27  Roach Warren, Zerg Missile Weapons Level 1  
  50  4:35  Evolution Chamber  
  50  4:38  Drone x3  
  42  4:39  Drone x2  
  42  4:45  Drone x2  
  40  4:59  Overlord  
  37  5:06  Overlord  
  37  5:08  Glial Reconstitution  
  37  5:10  Roach x3  
  37  5:14  Roach  
  45  5:15  Roach  
  45  5:19  Roach  
  47  5:25  Roach  
  50  5:28  Roach  
  39  5:59  Drone x3  
  39  6:03  Roach x2  
  46  6:07  Roach  
  48  6:11  Roach x2  
  52  6:20  Roach x3  
  52  6:25  Roach  
  60  6:29  Overlord  
  60  6:35  Roach x2  
  64  6:48  Roach x3  
  64  6:53  Roach x2  
  72  6:58  Ravager  

Tags
 
Add a new tag
Caveats
  • Supply blocks, unpowered buildings, or Contaminate may cause inaccurate times.
  • Supply counts are checked every 10 seconds.